 Dungeon Crawl Stone Soup version bcrawl-1.29.2 (console) character file.

Game seed: 17264217517060811033

116681 GodsVoicemail the Firebug (level 5, -8/31 HPs)
             Began as an Octopode Fire Elementalist on Mar 4, 2021.
             Was an Initiate of Cheibriados.
             Killed from afar by a crimson imp (20 damage)
             ... with an exploding inner flame
             ... hexed by the player character
             ... on level 4 of the Dungeon.
             The game lasted 00:43:24 (3628 turns).

GodsVoicemail the Firebug (OpFE)                    Turns: 3628, Time: 00:43:25

Health: -8/31      AC:  1    Str:  7 (8)  XL:     5   Next: 61%
Magic:  8/8        EV: 13    Int: 23      God:    Cheibriados [......]
Gold:   124        SH:  0    Dex:  9 (11) Spells: 4/8 levels left

rFire    + . .     SeeInvis .   b - +1 falchion
rCold    + . .     Gourm    .   (no shield)
rNeg     . . .     Faith    .   (helmet restricted)
rPois    +         Spirit   .   (cloak restricted)
rElec    +         Reflect  .   (no amulet)
rCorr    +         Harm     .   n - +3 ring of intelligence
MR       .....                  (no ring)
Stlth    +++.......             (no ring)
HPRegen  0.10/turn              (no ring)
MPRegen  0.11/turn              (no ring)
                                (no ring)
                                (no ring)
                                (no ring)

@: resistant, very slow
A: almost no armour, stealthy swim, amphibious, 8 rings, constrict 8, antennae
1, camouflage 1, clumsy 1, gelatinous body 1
a: Bend Time, Renounce Religion


You were on level 4 of the Dungeon.
You worshipped Cheibriados.
Cheibriados was noncommittal.
You were hungry.

You visited 1 branch of the dungeon, and saw 4 of its levels.

You collected 124 gold pieces.

Inventory:

Hand Weapons
 a - a +0 dagger
 b - a +1 falchion (weapon)
Missiles
 j - 12 stones
 k - 101 exploding tomahawks (quivered)
 l - 92 poisoned needles
Jewellery
 n - a +3 ring of intelligence (left tentacle)
Scrolls
 c - a scroll of enchant weapon
 f - 4 scrolls of remove curse {unknown}
 g - a scroll of blinking {unknown}
 h - 3 scrolls of teleportation {unknown}
 i - 2 scrolls of identify
 m - a scroll of enchant armour {unknown}
 o - a scroll of noise {unknown}
 q - a scroll of fear {unknown}
Potions
 r - a potion of resistance
Comestibles
 e - 6 rations {!d}


   Skills:
 - Level 2.0 Dodging
 - Level 3.0 Stealth
 - Level 2.0 Spellcasting
 * Level 3.7 Conjurations
 * Level 4.7 Fire Magic


You had 4 spell levels left.
You knew the following spells:

 Your Spells              Type           Power        Failure   Level  Hunger
a - Flame Tongue          Conj/Fire      ###..        2%          1    None
b - Conjure Flame         Conj/Fire      ###.....     7%          3    ####...

Your spell library contained the following spells:

 Spells                   Type           Power        Failure   Level  Hunger
 Flaming Arrows           Chrm/Fire      ##......     8%          2    ##.....
 Inner Flame              Hex/Fire       N/A          14%         3    ####...
 Sticky Flame             Conj/Fire      ###.....     22%         4    ######.
 Fireball                 Conj/Fire      ###.......   52%         5    #######


Dungeon Overview and Level Annotations

Branches:
Dungeon (4/12)
 Temple: D:4-7

Altars:
Cheibriados
Elyvilon

Annotations:
D:2 exclusion: 2 downstairs
D:3 exclusions: adder, kobold, orc, orc priest and orc wizard, Sigmund
D:4 exclusion: upstairs


Innate Abilities, Weirdness & Mutations

You cannot wear most types of armour.
You are very stealthy in the water. (Stealth+)
You are amphibious.
You can wear up to eight rings at the same time.
You can use your tentacles to constrict eight enemies at once.
Your skin changes colour to match your surroundings (Stealth+).
Your rubbery body absorbs attacks. (AC +1, EV +1)
You have a pair of small antennae on your head.
You are clumsy. (Dex -2)


Message History

Your +0 falchion glows red for a moment.
You constrict the crimson imp.
As you read the scroll labeled TEBAUSCH QOSALL, it crumbles to dust.
The creatures around you are filled with an inner flame!
It was a scroll of immolation.
You constrict the crimson imp. The crimson imp barely misses you.
You hit the crimson imp but do no damage.
The crimson imp is heavily wounded.
You constrict the crimson imp. The crimson imp barely misses you.
You hit the crimson imp but do no damage.
The crimson imp is heavily wounded.
You constrict the crimson imp. The crimson imp barely misses you.
You hit the crimson imp.
The crimson imp is severely wounded.
You constrict the crimson imp. The crimson imp hits you. x2
You hit the crimson imp.
The crimson imp explodes!
You resist. The fiery explosion engulfs you!!
Ouch! That really hurt!
You die...

#.####.# #.. ####
####################.##
#....................##
#..#...#...#...#...#...
#_...................##
#..#..§#§..#...#...#.#
#.....@.§............#
####################.#
..# $.# ..# .#


There were no monsters in sight!

Vanquished Creatures
  A phantom (D:4)
  A worker ant (D:2)
  2 worms (D:2)
  A dart slug (D:2)
  2 leopard geckos
  An orc (D:4)
  7 bats
  4 giant cockroaches (D:2)
  6 hobgoblins
  9 jackals
  6 ball pythons (D:1)
  5 frilled lizards
  3 goblins (D:1)
  A jackal skeleton (D:3)
  4 kobolds
  5 rats
58 creatures vanquished.

Notes
Turn   | Place    | Note
-------+----------+-------------------------------------------
     0 | D:1      | GodsVoicemail the Octopode Fire Elementalist began the
                  | quest for the Orb.
     0 | D:1      | Reached XP level 1. HP: 11/11 MP: 3/3
   245 | D:1      | Reached XP level 2. HP: 17/17 MP: 1/5
   900 | D:1      | Reached XP level 3. HP: 21/21 MP: 4/6
  1959 | D:1      | Learned a level 3 spell: Conjure Flame
  2434 | D:2      | Reached skill level 4 in Fire Magic
  2434 | D:2      | Reached XP level 4. HP: 25/27 MP: 2/7
  3197 | D:3      | Noticed Sigmund
  3466 | D:4      | Found a white marble altar of Elyvilon.
  3469 | D:4      | Noticed a phantom
  3482 | D:4      | Killed a phantom
  3483 | D:4      | Reached XP level 5. HP: 16/31 MP: 2/8
  3598 | D:4      | Found a snail-covered altar of Cheibriados.
  3606 | D:4      | Became a worshipper of Cheibriados the Contemplative
  3615 | D:4      | Gained mutation: Your muscles are strong. (Str +2) [potion
                  | of mutation]
  3615 | D:4      | Lost mutation: Your muscles are strong. (Str +2) [potion of
                  | mutation]
  3615 | D:4      | Gained mutation: You are clumsy. (Dex -2) [potion of
                  | mutation]
  3615 | D:4      | Gained mutation: You have a pair of small antennae on your
                  | head. [potion of mutation]
  3628 | D:4      | Killed from afar by a crimson imp

Skill      XL: |  1  2  3  4 |
---------------+-------------+-----
Conjurations   | 2 3 |  3.7
Fire Magic     | 4 |  4.7
Dodging        | |  2.0
Stealth        | |  3.0
Spellcasting   | |  2.0

Action                   |  1- 3 |  4- 6 || total
-------------------------+-------+-------++-------
Melee: Unarmed           |     8 |       ||     8
       Constrict         |    13 |     6 ||    19
       Dagger            |    26 |     8 ||    34
       Tentacles         |     6 |     1 ||     7
       Falchion          |       |    11 ||    11
Throw: Stone             |    23 |     5 ||    28
       Throwing net      |       |     1 ||     1
 Cast: Flame Tongue      |    72 |    18 ||    90
  Use: Potion            |     1 |     5 ||     6
       Scroll            |       |     2 ||     2
 Stab: Held in net/web   |       |     1 ||     1
  Eat: Chunk             |     7 |     4 ||    11
Armor: Skin              |     5 |     2 ||     7
Dodge: Dodged            |    46 |    22 ||    68
